 Dungeon Crawl Stone Soup version 0.25-a0-598-gc9c9e4c (webtiles) character file.

Game seed: 15110444137725789312, levelgen mode: deterministic

13146 MrTaco21 the Basher (level 12, -2/64 HPs)
             Began as a Gargoyle Fighter on Mar 15, 2020.
             Was an Initiate of Gozag.
             Killed from afar by an acid dragon (8 damage)
             ... with a splash of acid
             ... on level 12 of the Dungeon.
             The game lasted 00:35:54 (14473 turns).

MrTaco21 the Basher (Gargoyle Fighter)             Turns: 14473, Time: 00:35:55

Health: -2/64      AC:  6    Str: 24    XL:     12   Next: 3%
Magic:  12/12      EV: 10    Int: 14    God:    Gozag
Gold:   1870       SH: 13    Dex:  9    Spells: 11/11 levels left

rFire    . . .     SeeInvis .   P - +3 whip (elec)
rCold    + . .     Gourm    .   c - +0 kite shield
rNeg     + + .     Faith    .   E - +1 ring mail "Vomerie" {+Inv MR- Regen+ Int+4}
rPois    ∞         Spirit   .   H - +2 hat
rElec    +         Reflect  .   (no cloak)
rCorr    .         Harm     .   A - +0 pair of gloves
MR       .....                  (no boots)
Stlth    ..........             (no amulet)
HPRegen  0.60/turn              B - ring of positive energy
MPRegen  0.13/turn              o - ring of protection from cold

@: corroded
A: negative energy resistance 1, electricity resistance, unbreathing,
petrification resistance, rot immunity, AC +8
a: Potion Petition, Call Merchant, Bribe Branch, Renounce Religion, Evoke
Invisibility


You were on level 12 of the Dungeon.
You worshipped Gozag.
Gozag was most pleased with you.
You were not hungry.

You visited 2 branches of the dungeon, and saw 13 of its levels.

You collected 2106 gold pieces.
You spent 130 gold pieces at shops.
You paid 106 gold pieces to Gozag.

Inventory:

Hand Weapons
 a - a +4 flail of protection
   (You took it off an orc on level 5 of the Dungeon)
 P - a +3 whip of electrocution (weapon)
   (You took it off an orc on level 12 of the Dungeon)
Missiles
 s - 4 throwing nets (quivered) {!f}
Armour
 c - a +0 kite shield (worn)
 A - a +0 pair of gloves (worn)
   (You found it on level 6 of the Dungeon)
 C - a +0 plate armour
   (You took it off an orc warrior on level 6 of the Dungeon)
 E - the +1 ring mail "Vomerie" (worn) {+Inv MR- Regen+ Int+4}
   (You took it off an orc priest on level 7 of the Dungeon)

   It affects your intelligence (+4).
   It affects your resistance to hostile enchantments.
   It lets you turn invisible.
   It increases your rate of regeneration.
 H - a +2 hat (worn)
   (You found it on level 5 of the Dungeon)
 N - a cursed -1 helmet
   (You found it on level 10 of the Dungeon)
Jewellery
 o - a ring of protection from cold (right hand)
   (You found it on level 8 of the Dungeon)
 B - a ring of positive energy (left hand)
   (You found it on level 6 of the Dungeon)
 K - an uncursed ring of magical power
   (You found it on level 9 of the Dungeon)
Wands
 t - a wand of flame (22)
   (You found it on level 3 of the Dungeon)
 O - a wand of enslavement (8)
   (You found it on level 11 of the Dungeon)
Scrolls
 f - 2 scrolls of enchant weapon {unknown}
 g - 2 scrolls of fear
 i - a scroll of magic mapping {unknown}
 m - a scroll of noise {unknown}
 n - a scroll of fog {unknown}
 q - 5 scrolls of enchant armour
 u - 7 scrolls of remove curse {@r2}
 v - 4 scrolls of teleportation {@r4}
 D - a scroll of random uselessness {unknown}
 G - 2 scrolls of blinking
 I - a scroll of torment {unknown}
 L - 2 scrolls of identify {@r1}
Potions
 b - 4 potions of degeneration {!q}
 d - a potion of might
 h - 6 potions of curing {@q1}
 j - 2 potions of flight
 k - 2 potions of brilliance
 l - 2 potions of berserk rage
 p - 2 potions of haste {@q3}
 r - 2 potions of heal wounds {@q2}
 w - 2 potions of mutation {unknown}
 z - 3 potions of invisibility
 F - 2 potions of cancellation {unknown}
Miscellaneous
 M - a tin of tremorstones
Comestibles
 e - 14 rations {!d}


   Skills:
 - Level 3.2 Fighting
 - Level 14.0 Maces & Flails
 - Level 3.2 Armour
 + Level 13.4 Shields


You had 11 spell levels left.
You didn't know any spells.
Your spell library contained the following spells:

 Spells                   Type           Power        Failure   Level  Hunger
 Animate Skeleton         Necr           N/A          47%         1    ##.....
 Apportation              Tloc           #.....       47%         1    ##.....
 Corona                   Hex            #......      47%         1    ##.....
 Summon Small Mammal      Summ           #...         47%         1    ##.....


Dungeon Overview and Level Annotations

Branches:
Dungeon (12/15)            Temple (1/1) D:5            Lair (0/6) D:8
    Orc (0/2) D:9

Altars:
Ashenzari
Cheibriados
Dithmenos
Elyvilon
Fedhas
Gozag
Hepliaklqana
Kikubaaqudgha
Makhleb
Nemelex Xobeh
Okawaru
Qazlal
Ru
Sif Muna
Trog
Uskayaw
Vehumet
Wu Jian
Xom
Yredelemnul
Zin
The Shining One
Lugonu

Shops:
D:6 :[((   D:8 !   D:9 [(*[:

Annotations:
D:7 exclusion: oklob plant


Innate Abilities, Weirdness & Mutations

You are resistant to torment.
Your stone body is resilient. (AC +8)
You are immune to poison.
You resist negative energy. (rN+)
You are resistant to electric shocks. (rElec)
You can survive without breathing.
You are immune to petrification.
You are immune to rotting.


Message History

The splash of acid hits you.
You are splashed with acid!
There is an open door here.
Things that are here:
14 gold pieces; a +0 giant club The acid dragon spits acid at you.
The splash of acid hits you. The acid corrodes you!
You are splashed with acid!
* * * LOW HITPOINT WARNING * * *
There is a stone staircase leading up here.
You are too injured to fight recklessly!
Unknown command.
You block the acid dragon's attack.
The acid dragon claws you but does no damage.
You hit the acid dragon. The acid dragon spits acid at you.
The splash of acid hits you but does no damage.
The acid corrodes you!
You are splashed with acid!
* * * LOW HITPOINT WARNING * * *
You hit the acid dragon.
Lightning courses through the acid dragon!
Unknown command.
You barely miss the acid dragon. The acid dragon bites you!
* * * LOW HITPOINT WARNING * * *
You block the acid dragon's attack.
You closely miss the acid dragon.
Unknown command.
You feel much better. The acid dragon spits acid at you.
The splash of acid hits you!
* * * LOW HITPOINT WARNING * * *
The acid corrodes you!
You are splashed with acid!
* * * LOW HITPOINT WARNING * * *
You hit the acid dragon. You block the acid dragon's attack. x2
Unknown command.
Unknown command.
You barely miss the acid dragon.
You hit the acid dragon but do no damage.
You block the acid dragon's attack. x2
Unknown command.
You barely miss the acid dragon.
Unknown command.
You closely miss the acid dragon. The acid dragon closely misses you.
The acid dragon claws you but does no damage.
Unknown command.
Unknown command.
You hit the acid dragon but do no damage.
You closely miss the acid dragon. The acid dragon spits acid at you.
The splash of acid hits you!
You die...
Your body crumbles into a pile of gold.

$ +# ..## ... ###+######
####.##### ###.........
.........####.$<@D......
.........#....#.........
.........[.####..<......
.........### #.........
.........# ####+#####
.........# .........#
######[.## .......##


You could see an acid dragon.

Vanquished Creatures
  Fannar (D:10)
  Harold (D:8)
  A hydra (D:12)
  An ugly thing (D:11)
  A centaur zombie (D:12)
  2 kobold demonologists (D:11)
  The ghost of DiscoBob the Skirmisher, an amateur TrMo of Okawaru (D:6)
  A komodo dragon (D:10)
  A troll (D:11)
  Grinder (D:4)
  2 hippogriffs
  Sigmund (D:4)
  A wraith (D:11)
  4 yaks (D:10)
  A hungry ghost (D:9)
  4 hogs
  A human (D:7)
  Eustachio (D:4)
  2 wargs (D:9)
  2 water moccasins
  2 porcupines
  9 orc warriors
  4 ice beasts
  An eye of draining (D:10)
  2 black bears
  2 sky beasts
  8 ogres
  A phantom (D:8)
  2 centaurs
  A crocodile (D:8)
  2 big kobolds (D:7)
  A gnoll sergeant (D:5)
  12 bullfrogs
  A wyvern zombie (D:11)
  6 scorpions
  7 howler monkeys
  3 crimson imps
  A bullfrog zombie (D:10)
  A quasit (D:6)
  5 bullfrog skeletons
  6 hounds
  12 orc wizards
  6 orc priests
  A jelly (D:11)
  5 iguanas
  9 worker ants
  A killer bee zombie (D:9)
  A hound zombie (D:8)
  A hound skeleton (D:4)
  A worker ant zombie (D:9)
  A howler monkey zombie (D:7)
  A howler monkey skeleton (D:7)
  11 adders
  11 gnolls
  4 shadow imps
  An ooze (D:4)
  3 adder skeletons
  2 worms
  A dart slug (D:1)
  7 leopard geckos
  52 orcs
  8 bats
  4 giant cockroaches
  6 goblins
  3 hobgoblins
  4 jackals
  16 kobolds
  3 quokkas
  A ball python (D:1)
  2 frilled lizards
  A quokka skeleton (D:4)
  10 rats
  A plant (D:1)
297 creatures vanquished.

Vanquished Creatures (others)
  2 fungi (D:8)
  A plant (D:8)
3 creatures vanquished.

Grand Total: 300 creatures vanquished

Notes
Turn   | Place    | Note
-------+----------+-------------------------------------------
     0 | D:1      | MrTaco21 the Gargoyle Fighter began the quest for the Orb.
     0 | D:1      | Reached XP level 1. HP: 14/14 MP: 1/1
   150 | D:1      | Reached XP level 2. HP: 19/19 MP: 2/2
   435 | D:1      | Reached skill level 3 in Maces & Flails
  1124 | D:2      | Reached XP level 3. HP: 23/23 MP: 3/3
  1362 | D:2      | Found a glowing golden altar of the Shining One.
  1399 | D:2      | Reached skill level 4 in Maces & Flails
  1417 | D:2      | Reached XP level 4. HP: 27/28 MP: 4/4
  1430 | D:2      | Found a faded altar of an unknown god.
  1812 | D:2      | Found a blossoming altar of Fedhas.
  2304 | D:3      | Reached skill level 5 in Maces & Flails
  2304 | D:3      | Reached XP level 5. HP: 24/32 MP: 5/5
  2445 | D:3      | Found an iron altar of Okawaru.
  2450 | D:3      | Found a sparkling altar of Nemelex Xobeh.
  3056 | D:4      | Reached skill level 6 in Maces & Flails
  3062 | D:4      | Reached XP level 6. HP: 32/37 MP: 6/6
  3102 | D:4      | Found an ancient bone altar of Kikubaaqudgha.
  3215 | D:4      | Noticed Eustachio
  3244 | D:4      | Killed Eustachio
  3244 | D:4      | Reached skill level 7 in Maces & Flails
  3244 | D:4      | Reached XP level 7. HP: 17/41 MP: 7/7
  3474 | D:4      | Noticed Grinder
  3478 | D:4      | Paralysed by Grinder for 5 turns
  3494 | D:4      | Killed Grinder
  3494 | D:4      | Reached skill level 8 in Maces & Flails
  3681 | D:4      | Noticed Sigmund
  3693 | D:4      | Killed Sigmund
  3719 | D:4      | Reached skill level 9 in Maces & Flails
  3719 | D:4      | Reached XP level 8. HP: 36/46 MP: 8/8
  4016 | D:5      | Entered Level 5 of the Dungeon
  4141 | D:5      | Found a sacrificial altar of Ru.
  4513 | D:5      | Found a bloodstained altar of Trog.
  4520 | D:5      | Reached skill level 10 in Maces & Flails
  4590 | D:5      | Found a stormy altar of Qazlal.
  4593 | D:5      | Found an iron altar of Okawaru.
  5069 | D:5      | Found a staircase to the Ecumenical Temple.
  5136 | D:5      | HP: 1/46 [orc priest/divine providence (13)]
  5479 | D:5      | Found a basalt altar of Yredelemnul.
  5523 | D:5      | Found a blossoming altar of Fedhas.
  5554 | D:5      | Found a basalt altar of Yredelemnul.
  5582 | D:5      | Reached skill level 11 in Maces & Flails
  5597 | D:5      | Reached XP level 9. HP: 51/51 MP: 9/9
  5742 | Temple   | Entered the Ecumenical Temple
  5781 | Temple   | Became a worshipper of Gozag Ym Sagoz the Greedy
  5880 | D:6      | Noticed a +0 dagger
  5880 | D:6      | Noticed a +0 dagger
  5881 | D:6      | Found a hide-covered altar of Uskayaw.
  5949 | D:6      | Found a transporter.
  6183 | D:6      | Noticed DiscoBob's ghost (amateur TrMo)
  6189 | D:6      | Found a transporter.
  6288 | D:6      | Reached skill level 12 in Maces & Flails
  6293 | D:6      | Found Naunk's Book Emporium.
  6295 | D:6      | Found Dilep's Antique Armour Emporium.
  6296 | D:6      | Found Muakkuomo's Antique Weapon Emporium.
  6297 | D:6      | Found Dilaid's Weapon Emporium.
  6417 | D:6      | Found a burning altar of Makhleb.
  6757 | D:6      | HP: 2/51 [something/magic dart (3)]
  7045 | D:5      | Found a shimmering blue altar of Sif Muna.
  8309 | D:7      | Reached skill level 13 in Maces & Flails
  8344 | D:7      | Found a snail-covered altar of Cheibriados.
  8344 | D:7      | Noticed an oklob plant
  8483 | D:7      | Identified the +1 ring mail "Vomerie" {+Inv MR- Regen+
                  | Int+4}
  8710 | D:7      | Reached XP level 10. HP: 50/56 MP: 10/10
  8730 | D:7      | HP: 1/56 [hog (9)]
  9261 | D:7      | Reached skill level 14 in Maces & Flails
  9580 | D:7      | Reached skill level 5 in Shields
  9865 | D:8      | Found Qotuth's Distillery.
  9873 | D:8      | Bought a potion of invisibility for 80 gold pieces
  9873 | D:8      | Bought a potion of heal wounds for 50 gold pieces
 10306 | D:8      | Found a staircase to the Lair.
 10573 | D:8      | Noticed Harold
 10592 | D:8      | Killed Harold
 10916 | D:6      | Killed DiscoBob's ghost
 10916 | D:6      | Reached XP level 11. HP: 47/60 MP: 11/11
 11072 | D:9      | Found a shattered altar of Ashenzari.
 11161 | D:9      | Found Imeonwya's Armour Shoppe.
 11268 | D:9      | Found Neomno's Book Boutique.
 11364 | D:9      | Found Ismiosur's Assorted Antiques.
 11480 | D:9      | Found Esempy Hiusch's Antique Armour Emporium.
 11499 | D:9      | You fall into a shaft and drop 3 floors!
 11515 | D:12     | Reached skill level 10 in Shields
 11527 | D:11     | Noticed a green ugly thing
 11542 | D:11     | Killed a green ugly thing
 11610 | D:10     | Entered Level 10 of the Dungeon
 11701 | D:9      | Found a shadowy altar of Dithmenos.
 11864 | D:9      | Found Meufamn's Weapon Boutique.
 11927 | D:9      | Found a staircase to the Orcish Mines.
 12981 | D:10     | Noticed a two-headed ogre
 13262 | D:11     | Noticed Fannar
 13413 | D:10     | Killed Fannar
 14399 | D:12     | Noticed a six-headed hydra
 14442 | D:12     | Killed a six-headed hydra
 14442 | D:12     | Reached XP level 12. HP: 52/64 MP: 12/12
 14473 | D:12     | Killed from afar by an acid dragon

Levels and vault maps discovered:
D:1:      grunt_arrival_lava_bath, layout_loops_ring, solitary_fountain,
          hex_large, chequers_big_river, kennysheep_nondescript,
          minmay_misc_feat_five, hangedman_feature_mirror
D:2:      layout_loops_ring, nicolae_tso_swordbearing_angel, fedhas_altar_2,
          chequers_ecumenical_altar_grove
D:3:      layout_rooms, lemuel_crystal_altar, okawaru_trees_2
D:4:      minmay_general_purpose_star, layout_rooms, kiku_gazebo_pond_becter,
          first_ration, uniq_sigmund, uniq_eustachio, uniq_grinder
D:5:      layout_rooms, lemuel_round_altar, nicolae_ru_awakened_eye,
          nicolae_overflow_hidden_temple, minmay_overflow_temple_star_quad,
          minmay_temple_entry_slanted, hangedman_feature_mirror
D:6:      layout_layer_cave, dancing_weapons_uskayaw, bloody_makhleb,
          gammafunk_ghost_arena, minmay_shop_grid_forest
D:7:      layout_layer_cave, grunt_livestock, lemuel_oklob_altar
D:8:      layout_basic, due_lair_maze_entry_diamond, serial_shops, shop,
          uniq_harold
D:9:      layout_basic, nicolae_overflow_crystal_walls, grunt_dithmenos_smoke,
          david_orc_1_choice, serial_shops, kennysheep_little_box,
          nicolae_shop_window_shopping, nicolae_shop_behind_doors, shop, shop
D:10:     layout_gridville, grunt_decor_cap
D:11:     layout_long_grid, uniq_fannar
D:12:     layout_roguey
Temple:   corrupted_temple

Skill      XL: |  1  2  3  4  5  6  7  8  9 10 11 |
---------------+----------------------------------+-----
Maces & Flails | 3 4 5 6 7 9 11 13 14 | 14.0
Shields        | 9 13 | 13.4
Fighting       | |  3.2
Armour         | |  3.2

Action                   |  1- 3 |  4- 6 |  7- 9 | 10-12 || total
-------------------------+-------+-------+-------+-------++-------
Melee: Flail             |   123 |   126 |   294 |   696 ||  1239
       Dire flail        |       |    63 |    57 |       ||   120
       Morningstar       |       |       |   139 |       ||   139
       Whip              |       |       |       |    17 ||    17
  Use: Scroll            |       |       |     7 |     5 ||    12
       Potion            |       |       |       |     2 ||     2
  Eat: Chunk             |     2 |     6 |     8 |       ||    16
       Ration            |       |       |     4 |     6 ||    10
Armor: Scale mail        |    67 |   142 |   263 |    37 ||   509
       Ring mail         |       |       |       |   250 ||   250
Dodge: Dodged            |    39 |    97 |   126 |   174 ||   436
Block: Kite shield       |    72 |    75 |   174 |   327 ||   648

Table legend:
 A = Non-vault XP
 B = Vault XP
 C = Vault XP percentage of total XP
 D = Non-vault monster count
 E = Vault monster count
 F = Vault count percentage of total count
                 A         B        C        D         E       F
            +---------+---------+-------+---------+---------+-------
      Total |   12835 |    5946 |  31.7 |     262 |      34 |  11.5
            +---------+---------+-------+---------+---------+-------
        D:1 |      24 |       4 |  14.3 |      13 |       2 |  13.3
        D:2 |      87 |       0 |   0.0 |      22 |       0 |   0.0
        D:3 |     185 |       0 |   0.0 |      25 |       0 |   0.0
        D:4 |     436 |     671 |  60.6 |      23 |       4 |  14.8
        D:5 |     968 |     132 |  12.0 |      24 |       1 |   4.0
        D:6 |    1401 |     988 |  41.4 |      22 |       5 |  18.5
        D:7 |    1737 |     652 |  27.3 |      50 |       4 |   7.4
        D:8 |     486 |    1668 |  77.4 |      14 |       8 |  36.4
        D:9 |    1378 |     793 |  36.5 |      24 |       9 |  27.3
       D:10 |    1914 |    1038 |  35.2 |      15 |       1 |   6.2
       D:11 |    2576 |       0 |   0.0 |      23 |       0 |   0.0
       D:12 |    1643 |       0 |   0.0 |       7 |       0 |   0.0
            +---------+---------+-------+---------+---------+-------
